 Dungeon Crawl Stone Soup version 0.25-a0-1002-gbcf8c60d55 (webtiles) character file.

Game seed: 306786675454595817, levelgen mode: deterministic

9087 Essalna the Blocker (level 11, -2/103 (104) HPs)
             Began as a Deep Dwarf Fighter on May 11, 2020.
             Was an Elder of Makhleb.
             Slain by a spiny frog (11 damage)
             ... on level 2 of the Lair of Beasts.
             The game lasted 00:23:49 (7030 turns).

Essalna the Blocker (Deep Dwarf Fighter)            Turns: 7030, Time: 00:23:50

HP:   -2/103 (104)  AC: 16    Str: 23    XL:     11   Next: 18%
MP:   11/11         EV:  7    Int:  9    God:    Makhleb [****..]
Gold: 509           SH: 12    Dex: 14    Spells: 10/10 levels left

rFire    . . .     SeeInvis .   h - +2 war axe (vorpal)
rCold    . . .     Gourm    +   y - +0 kite shield
rNeg     . . .     Faith    .   t - +0 plate armour
rPois    .         Spirit   .   g - +0 helmet
rElec    .         Reflect  .   (no cloak)
rCorr    .         Harm     .   (no gloves)
MR       +....                  (no boots)
Stlth    ..........             s - amulet of the gourmand
HPRegen  0.00/turn              H - +2 ring of dexterity
MPRegen  0.12/turn              (no ring)

@: lethally poisoned (-2 -> -4), non-regenerating
A: damage resistance, heal wounds, sense surroundings 2, no regeneration
a: Heal Wounds, Minor Destruction, Lesser Servant of Makhleb, Major Destruction,
Renounce Religion


You were on level 2 of the Lair of Beasts.
You worshipped Makhleb.
Makhleb was greatly pleased with you.
You were completely stuffed.

You visited 2 branches of the dungeon, and saw 10 of its levels.

You collected 509 gold pieces.

Inventory:

Hand Weapons
 a - a +0 war axe
 e - a +0 short sword of venom
 h - a +2 vorpal war axe (weapon)
Armour
 b - a +0 scale mail
 c - a +0 kite shield
 g - a +0 helmet (worn)
 p - a +0 chain mail
 t - a +0 plate armour (worn)
 x - a +0 buckler
 y - a +0 kite shield (worn)
Jewellery
 s - an amulet of the gourmand (around neck)
 H - a +2 ring of dexterity (left hand)
Wands
 u - a wand of random effects (15)
 w - a wand of polymorph (10)
 D - a wand of iceblast (27)
Scrolls
 k - 2 scrolls of identify
 n - 4 scrolls of fear
 o - a scroll of enchant weapon {unknown}
 r - 3 scrolls of teleportation
 v - 4 scrolls of remove curse
 E - 2 scrolls of amnesia {unknown}
 F - a scroll of immolation {unknown}
 I - a scroll of summoning {unknown}
 J - a scroll of magic mapping {unknown}
 K - a scroll of fog {unknown}
Potions
 d - a potion of might
 i - a potion of resistance {unknown}
 j - a potion of cancellation {unknown}
 l - a potion of flight
 m - 4 potions of haste {unknown}
 q - 3 potions of lignification {unknown}
 z - 2 potions of heal wounds {unknown}
 A - 2 potions of stabbing {unknown}
 B - 2 potions of curing {unknown}
 G - a potion of berserk rage {unknown}
 L - a potion of magic {unknown}
Miscellaneous
 M - a tin of tremorstones
Comestibles
 f - 17 rations
 C - 7 chunks of flesh


   Skills:
 + Level 8.4 Fighting
 + Level 9.7 Axes
 + Level 10.0 Armour
 - Level 2.3 Dodging
 + Level 10.0 Shields
 + Level 2.0 Invocations


You had 10 spell levels left.
You didn't know any spells.
Your spell library contained the following spells:

 Spells                   Type           Power        Failure   Level  Hunger
 Summon Small Mammal      Summ           #...         100%        1    ##.....
 Call Imp                 Summ           #.......     100%        2    ###....
 Call Canine Familiar     Summ           #.......     100%        3    ####...
 Summon Guardian Golem    Hex/Summ       #.......     100%        3    ####...
 Summon Ice Beast         Ice/Summ       #.......     100%        4    #####..
 Summon Lightning Spire   Summ/Air       #.......     100%        4    #####..


Dungeon Overview and Level Annotations

Branches:
Dungeon (8/15)             Temple (0/1) D:5            Lair (2/6) D:8
  Snake (0/4) Lair:2
  Swamp: Lair:2-4    Shoals: Lair:2-4

Altars:
Ashenzari
Gozag
Makhleb
Okawaru
Sif Muna
Wu Jian
Yredelemnul


Innate Abilities, Weirdness & Mutations

You are resistant to damage.
You can heal yourself by infusing magical energy.
You passively map the area around you.
You do not regenerate.


Message History

* * * LOW HITPOINT WARNING * * *
The blink frog blinks! x2
The spiny frog stings you but does no damage.
You block the spiny frog's attack.
The blink frog blinks! x2
You hit the spiny frog.
The spiny frog is lightly wounded.
The blink frog blinks!
You block the spiny frog's attack.
The blink frog blinks! x2
You hit the spiny frog but do no damage.
The spiny frog is lightly wounded.
The spiny frog closely misses you. x2
You slash the spiny frog!
The spiny frog is moderately wounded.
You hit the spiny frog but do no damage.
You slash the blink frog!
The blink frog blinks!
The spiny frog stings you!
* * * LOW HITPOINT WARNING * * *
You are poisoned.
The spiny frog poisons you! The spiny frog stings you!
You die...

................# ,,
................# ......§..
.^...÷.........##.#.......#
..........†.......#..%....#
..............###.#.......#
..............#.#.........#*
............÷.#...#.......P
....####.#....#.###r...(..#
##..# ####....§@FFt.F....# *
#..* #.....F#F#....... ##
##.#P####.......# # , #####
#......# ## * .$....# .##
......# ..+, * ......#* .8#
*....... ..+ *


You could see 2 spiny frogs, 3 blink frogs, a crocodile and a porcupine.

Vanquished Creatures
  A two-headed ogre (D:8)
  2 spiny frogs
  Prince Ribbit (D:8)
  Grinder (D:4)
  4 hippogriffs
  5 yaks (Lair:1)
  2 basilisks (Lair:1)
  A hungry ghost (D:5)
  2 humans (D:7)
  2 nagas (Lair:2)
  3 water moccasins
  7 porcupines
  5 black bears
  2 ice beasts
  A necrophage (D:6)
  4 sky beasts
  4 centaurs
  2 phantoms
  5 ogres
  2 crocodiles
  2 big kobolds (D:8)
  8 bullfrogs
  2 scorpions
  6 killer bees
  4 wights (D:7)
  4 hounds
  An orc priest (D:2)
  A jelly (D:8)
  6 orc wizards
  A bullfrog skeleton (D:5)
  A centaur skeleton (D:6)
  4 worker ants
  2 hound skeletons (D:6)
  A howler monkey zombie (D:6)
  Robin (D:3)
  6 gnolls
  10 adders
  A shadow imp (D:5)
  5 oozes
  An adder zombie (D:7)
  2 adder skeletons
  5 worms
  2 dart slugs (D:3)
  7 leopard geckos
  16 orcs
  6 giant cockroaches
  19 goblins
  9 hobgoblins
  17 jackals
  A quokka (D:4)
  A ball python (D:2)
  10 bats
  3 frilled lizards
  A jackal zombie (D:6)
  11 kobolds
  8 rats
  A fungus (Lair:1)
242 creatures vanquished.

Vanquished Creatures (others)
  33 fungi (D:8)
  13 plants (D:8)
46 creatures vanquished.

Grand Total: 288 creatures vanquished

Notes
Turn   | Place    | Note
-------+----------+-------------------------------------------
     0 | D:1      | Essalna the Deep Dwarf Fighter began the quest for the Orb.
     0 | D:1      | Reached XP level 1. HP: 20/20 MP: 1/1
    56 | D:1      | Reached XP level 2. HP: 20/27 MP: 2/2
   386 | D:1      | Reached skill level 1 in Dodging
   586 | D:1      | Reached XP level 3. HP: 12/33 MP: 3/3
  1001 | D:2      | Reached XP level 4. HP: 29/42 MP: 4/4
  1047 | D:2      | Reached XP level 5. HP: 32/49 MP: 5/5
  1958 | D:3      | Reached XP level 6. HP: 44/56 MP: 6/6
  2049 | D:3      | Found an opulent altar of Gozag.
  2129 | D:3      | Noticed Robin
  2143 | D:3      | Killed Robin
  2146 | D:3      | Found a burning altar of Makhleb.
  2146 | D:3      | Found a shattered altar of Ashenzari.
  2165 | D:3      | Became a worshipper of Makhleb the Destroyer
  2463 | D:4      | Noticed Grinder
  2477 | D:4      | Killed Grinder
  2477 | D:4      | Reached skill level 5 in Armour
  2477 | D:4      | Reached skill level 5 in Shields
  2477 | D:4      | Reached XP level 7. HP: 55/64 MP: 7/7
  2981 | D:2      | Found a basalt altar of Yredelemnul.
  3060 | D:5      | Entered Level 5 of the Dungeon
  3118 | D:5      | Found a staircase to the Ecumenical Temple.
  3198 | D:5      | Reached * piety under Makhleb
  3282 | D:5      | Reached skill level 5 in Axes
  3335 | D:5      | Reached XP level 8. HP: 24/73 MP: 8/8
  3429 | D:5      | Found a shimmering blue altar of Sif Muna.
  3587 | D:5      | Reached skill level 5 in Fighting
  4283 | D:6      | Reached ** piety under Makhleb
  4312 | D:6      | Gained mutation: You passively map the area around you.
                  | [Deep Dwarf growth]
  4312 | D:6      | Reached XP level 9. HP: 35/82 MP: 8/8
  4966 | D:7      | Found an iron altar of Okawaru.
  5444 | D:8      | Noticed a two-headed ogre
  5634 | D:8      | Reached *** piety under Makhleb
  5651 | D:8      | Noticed Prince Ribbit
  5658 | D:8      | Killed Prince Ribbit
  5658 | D:8      | Reached XP level 10. HP: 93/93 MP: 9/9
  5840 | D:8      | Killed a two-headed ogre
  5863 | D:8      | Found a staircase to the Lair.
  6008 | D:8      | Found an ornate altar of the Wu Jian Council.
  6111 | Lair:1   | Entered Level 1 of the Lair of Beasts
  6254 | Lair:1   | Noticed a spiny frog
  6261 | Lair:1   | Reached **** piety under Makhleb
  6264 | Lair:1   | Killed a spiny frog
  6422 | Lair:1   | Reached XP level 11. HP: 77/102 MP: 10/10
  6856 | Lair:2   | Found a staircase to the Snake Pit.
  6862 | Lair:2   | Reached skill level 1 in Invocations
  6867 | Lair:2   | Reached skill level 10 in Armour
  6867 | Lair:2   | Reached skill level 10 in Shields
  7030 | Lair:2   | Slain by a spiny frog

Illustrated notes

Levels and vault maps discovered:
D:1:      dpeg_arrival_refuge, layout_basic, minmay_statues_item
D:2:      lemuel_upstairs_altar, layout_rooms, minmay_goblin_kobold_house
D:3:      layout_loops_cross, lemuel_round_altar,
          gammafunk_temple_overflow_wave, first_ration, palyth_stone_intersect,
          uniq_robin
D:4:      layout_cave_pools, uniq_grinder
D:5:      layout_layer_cave, led_sif_book, minmay_temple_entry_antechambers
D:6:      layout_loops_cross
D:7:      layout_rooms, okawaru_humans
D:8:      layout_rooms, old_standard_altar, due_lair_maze_entry_diamond,
          uniq_prince_ribbit1
Lair:1:   layout_loops_ring
Lair:2:   layout_big_grid, guppyfry_snake_entry_garden, beast_lair_carwin_5,
          grunt_megastairs_5

Skill      XL: |  1  2  3  4  5  6  7  8  9 10 11 |
---------------+----------------------------------+-----
Dodging        | 1 2 |  2.3
Fighting       | 3 4 5 7 8 |  8.4
Axes           | 3 4 5 6 8 9 |  9.7
Armour         | 4 5 7 8 9 10 | 10.0
Shields        | 4 5 7 8 9 10 | 10.0
Invocations    | 2 |  2.0

Action                   |  1- 3 |  4- 6 |  7- 9 | 10-12 || total
-------------------------+-------+-------+-------+-------++-------
Melee: War axe           |    80 |   162 |   381 |   226 ||   849
 Abil: Heal Wounds       |     1 |     3 |     2 |       ||     6
  Use: Scroll            |       |       |     7 |       ||     7
       Potion            |       |       |       |     1 ||     1
  Eat: Chunk             |       |     5 |    24 |     5 ||    34
       Ration            |       |       |     1 |       ||     1
Armor: Scale mail        |    73 |    28 |       |       ||   101
       Chain mail        |       |    58 |       |       ||    58
       Plate armour      |       |     3 |   254 |   125 ||   382
Dodge: Dodged            |    83 |    74 |   120 |    63 ||   340
Block: Kite shield       |     4 |       |   203 |   157 ||   364
       Buckler           |       |       |     9 |       ||     9

Table legend:
 A = Non-vault XP
 B = Vault XP
 C = Vault XP percentage of total XP
 D = Non-vault monster count
 E = Vault monster count
 F = Vault count percentage of total count
                 A         B        C        D         E       F
            +---------+---------+-------+---------+---------+-------
      Total |    9516 |    3466 |  26.7 |     201 |      40 |  16.6
            +---------+---------+-------+---------+---------+-------
        D:1 |      52 |       0 |   0.0 |      25 |       0 |   0.0
        D:2 |     218 |      15 |   6.4 |      25 |       8 |  24.2
        D:3 |     103 |      32 |  23.7 |      27 |      11 |  28.9
        D:4 |     361 |     272 |  43.0 |      11 |       1 |   8.3
        D:5 |    1191 |       0 |   0.0 |      21 |       0 |   0.0
        D:6 |    1055 |       0 |   0.0 |      34 |       0 |   0.0
        D:7 |     469 |     718 |  60.5 |      13 |       5 |  27.8
        D:8 |    2529 |    1163 |  31.5 |      26 |       9 |  25.7
     Lair:1 |    3258 |       0 |   0.0 |      17 |       0 |   0.0
     Lair:2 |     280 |    1266 |  81.9 |       2 |       6 |  75.0
            +---------+---------+-------+---------+---------+-------
